 Dungeon Crawl Stone Soup version 0.31.0-11-ge490571c62 (webtiles) character file.

Game seed: 7309280842312480041

32 ces the Shooter (level 3, 0/18 HPs)
             Began as a Spriggan Hunter on Jan 29, 2024.
             Slain by a ball python (1 damage)
             ... on level 2 of the Dungeon.
             The game lasted 00:01:19 (914 turns).

ces the Shooter (Spriggan Hunter)                    Turns: 914, Time: 00:01:20

Health: 0/18       AC:  2    Str:  5 (7)  XL:     3   Next: 10%
Magic:  4/4        EV: 14    Int:  8 (10) God:
Gold:   48         SH:  0    Dex: 17 (20) Spells: 2/2 levels left

rFire   . . .        a - +0 shortbow
rCold   . . .        (shield currently unavailable)
rNeg    . . .        c - +0 robe
rPois   .            (helmet restricted)
rElec   .            (no cloak)
rCorr   .            (gloves unavailable)
SInv    +            (boots unavailable)
Will    .....        (no amulet)
Stlth   ++           (no ring)
HPRegen 0.23/turn    (no ring)
MPRegen 0.09/turn

%: no passive effects
@: lethally poisoned (0 -> -3), constricted, very quick
A: very small, no large weapons, unfitting armour, see invisible, speed 3
a: no special abilities


You were on level 2 of the Dungeon.
You visited 1 branch of the dungeon, and saw 2 of its levels.

You collected 48 gold pieces.

Inventory:

Hand Weapons
 a - a +0 shortbow (weapon)
Armour
 c - a +0 robe (worn)
Scrolls
 b - 2 scrolls of butterflies
 d - a scroll of amnesia {unknown}
 e - a scroll of torment {unknown}
 g - 2 scrolls of teleportation {unknown}
 h - a scroll of identify {unknown}
 i - a scroll of enchant weapon {unknown}
 j - a scroll of enchant armour {unknown}
Potions
 f - a potion of degeneration


   Skills:
 - Level 1.5 Fighting
 * Level 5.0 Ranged Weapons
 - Level 2.6 Dodging
 - Level 1.5 Stealth


You had 2 spell levels left.
You didn't know any spells.
Your spell library contained the following spells:

 Spells                   Type           Power      Damage    Failure   Level
 Sandblast                Erth           0%         2d4       41%         1
 Passwall                 Erth           0%         N/A       78%         3
 Stone Arrow              Conj/Erth      0%         3d7       78%         3
 Brom's Barrelling Bould  Conj/Erth      0%         2d3       99%         4


Dungeon Overview and Level Annotations

Branches:
Dungeon (2/15)

Altars:


Innate Abilities, Weirdness & Mutations

You are very small and have problems with some larger weapons.
You are too small for most types of armour.
You have supernaturally acute eyesight. (SInv)
You cover ground extremely quickly. (Speed+++)


Message History

The adder misses you.
You shoot an arrow. The arrow barely misses the adder.
The adder misses you.
You shoot an arrow.
The arrow hits the adder but does no damage.
The adder is lightly wounded.
The adder bites you.
You are poisoned.
The adder poisons you! The adder closely misses you.
You shoot an arrow. The arrow barely misses the adder.
You feel sick. The adder misses you.
You shoot an arrow. The arrow hits the adder.
The adder is heavily wounded.
You feel sick. The adder barely misses you. The ball python bites you.
The ball python barely misses you. The adder bites you.
The ball python closely misses you. The ball python misses you.
You are too injured to fight recklessly!
You are too injured to fight recklessly!
It was a potion of degeneration.
There was something very wrong with that liquid.
You feel weakened.
You feel dopey.
You feel clumsy.
You feel sick. The adder bites you.
* * * LOW HITPOINT WARNING * * *
You are lethally poisoned!
The adder poisons you!
The ball python bites you but does no damage.
The ball python closely misses you.
Okay, then.
Okay, then.
* * * LOW HITPOINT WARNING * * *
You feel sick. The adder bites you but does no damage.
The ball python bites you.
* * * LOW HITPOINT WARNING * * *
The ball python misses you.
* * * LOW HITPOINT WARNING * * *
You feel sick. The adder closely misses you.
The ball python closely misses you. The ball python grabs you.
The ball python constricts you. The adder closely misses you.
* * * LOW HITPOINT WARNING * * *
You feel sick. The ball python bites you.
You die...

..####.# ##..#...# #
#.#.#...# ... #
#.#.....##...# #
#............#
###########.......##...#
..#...##.........#....#
.#..#.##......#....##.
...##.......#...@S†#
.####..###..#...S.......
.##....# #......!.#..)..
....##.. #..............
.### ###<...............
.. #........$...... ...
#.......>...... ...
.............. #...


You could see an adder and a ball python.

Vanquished Creatures
  An adder (D:2)
  2 ball pythons (D:1)
  3 endoplasms (D:2)
  3 giant cockroaches (D:1)
  A goblin (D:2)
  3 quokkas (D:1)
  2 bats (D:1)
  A frilled lizard (D:1)
  2 kobolds (D:1)
  5 rats
23 creatures vanquished.

Notes
Turn   | Place    | Note
-------+----------+-------------------------------------------
     0 | D:1      | ces the Spriggan Hunter began the quest for the Orb.
     0 | D:1      | Reached XP level 1. HP: 10/10 MP: 2/2
   189 | D:1      | Reached XP level 2. HP: 14/14 MP: 3/3
   903 | D:2      | Reached skill level 5 in Ranged Weapons
   903 | D:2      | Reached XP level 3. HP: 17/18 MP: 4/4
   914 | D:2      | Slain by a ball python

Illustrated notes

Levels and vault maps discovered:
D:1:      sevenhm_arrival_forest_fort_large_3, layout_basic,
          kennysheep_flooded_box, amcnicky_mini_rare_corridor_liquid,
          serial_bayou_pond_d, serial_bayou_pond_a, serial_park_tiny_pond,
          chequers_serial_rivers_large_a, minmay_cut_off
D:2:      layout_rooms, uniq_crazy_yiuf_cottage

Skill      XL: |  1  2 |
---------------+-------+-----
Ranged Weapons | 5 |  5.0
Fighting       | |  1.5
Dodging        | |  2.6
Stealth        | |  1.5

Action                     || total
---------------------------++-------
   Fire: Shortbow          ||    54
    Use: Potion            ||     1
 Armour: Robe              ||     9
  Dodge: Dodged            ||    20
